 Dungeon Crawl Stone Soup version 0.27-a0-650-g8dd3ea4f36 (webtiles) character file.

Game seed: 9085734073520589765

63 spiderkeys the Poker (level 3, 0/31 HPs)
             Began as a Minotaur Gladiator on Mar 16, 2021.
             Slain by a gnoll
             ... wielding a +0 spear
              (6 damage)
             ... on level 2 of the Dungeon.
             The game lasted 00:02:00 (929 turns).

spiderkeys the Poker (Minotaur Gladiator)            Turns: 929, Time: 00:02:02

Health: 0/31       AC:  4    Str: 19    XL:     3   Next: 87%
Magic:  2/2        EV: 12    Int:  5    God:
Gold:   41         SH:  0    Dex: 11    Spells: 2/2 levels left

rFire    . . .     SeeInvis .   a - +0 trident
rCold    . . .     Faith    .   (no shield)
rNeg     . . .     Spirit   .   b - +0 leather armour
rPois    .         Reflect  .   c - +0 hat
rElec    .         Harm     .   k - +0 cloak
rCorr    .         Rampage  .   (no gloves)
Will     .....                  (no boots)
Stlth    +.........             (no amulet)
HPRegen  0.10/turn              (no ring)
MPRegen  0.08/turn              (no ring)

@: no status effects
A: horns 2, retaliatory headbutt
a: no special abilities


You were on level 2 of the Dungeon.
You visited 1 branch of the dungeon, and saw 2 of its levels.

You collected 41 gold pieces.

Inventory:

Hand Weapons
 a - a +0 trident (weapon)
Missiles
 d - 3 throwing nets (quivered)
 l - 13 sling bullets
 n - 2 boomerangs
Armour
 b - a +0 leather armour (worn)
 c - a +0 hat (worn)
 k - a +0 cloak (worn)
Scrolls
 g - 2 scrolls of identify {unknown}
 m - a scroll of blinking {unknown}
Potions
 e - a potion of lignification {unknown}
 f - a potion of heal wounds {unknown}
 h - 2 potions of might {unknown}
 i - a potion of berserk rage {unknown}
 j - a potion of resistance {unknown}


   Skills:
 + Level 3.0 Fighting
 * Level 4.5 Polearms
 + Level 2.4 Throwing
 + Level 1.6 Armour
 + Level 3.7 Dodging


You had 2 spell levels left.
You didn't know any spells.
Your spell library was empty.

Dungeon Overview and Level Annotations

Branches:
Dungeon (2/15)

Altars:


Innate Abilities, Weirdness & Mutations

You have a pair of horns on your head.
You reflexively headbutt those who attack you in melee.


Message History

The gnoll closely misses you.
You hit the hobgoblin.
You kill the hobgoblin!
The gnoll hits you from afar with a +0 spear!
You are too injured to fight recklessly!
You are too injured to fight recklessly!
You are too injured to fight recklessly!
Reach: a) +0 trident
Press: ? - help, Dir - move target, f - gnoll
Aim: a gnoll, wielding a +0 spear (about 39% to evade your +0 trident)
You reach to attack!
You barely miss the gnoll.
The gnoll hits you from afar with a +0 spear.
* * * LOW HITPOINT WARNING * * *
Unknown command.
Reach: a) +0 trident
Press: ? - help, Dir - move target, f/p - gnoll
Aim: a gnoll, wielding a +0 spear (about 39% to evade your +0 trident)
You reach to attack!
You closely miss the gnoll.
The gnoll hits you from afar with a +0 spear.
* * * LOW HITPOINT WARNING * * *
Unknown command.
Reach: a) +0 trident
Press: ? - help, Dir - move target, f/p - gnoll
Aim: a gnoll, wielding a +0 spear (about 39% to evade your +0 trident)
You reach to attack!
You barely miss the gnoll. The gnoll hits you but does no damage.
Unknown command.
Reach: a) +0 trident
Press: ? - help, Dir - move target, f/p - gnoll
Aim: a gnoll, wielding a +0 spear (about 39% to evade your +0 trident)
You reach to attack!
You hit the gnoll.
The gnoll is heavily wounded.
The gnoll barely misses you. The gnoll closely misses you.
Reach: a) +0 trident
Press: ? - help, Dir - move target, f/p - gnoll
Aim: a gnoll, wielding a +0 spear (heavily wounded, about 39% to evade your +0 trident)
You reach to attack!
You barely miss the gnoll.
The gnoll is heavily wounded.
The gnoll hits you from afar with a +0 spear.
You die...

.........#
.........#
.........#
.........# #
.........#.#
.......gg#.#
#......g.).#
###...##.#####
#.....#..g)@#
#.....#..####
#..<..#..#
#.....#).####
#.#.........#
#)##........#
#..............
####...........
#...........


You could see a gnoll.

Vanquished Creatures
  3 gnolls (D:2)
  An ooze (D:1)
  A leopard gecko (D:1)
  An orc (D:2)
  2 bats (D:1)
  4 giant cockroaches
  7 goblins (D:1)
  2 hobgoblins
  2 frilled lizards (D:1)
  2 kobolds (D:1)
  A rat (D:1)
26 creatures vanquished.

Notes
Turn   | Place    | Note
-------+----------+-------------------------------------------
     0 | D:1      | spiderkeys the Minotaur Gladiator began the quest for the
                  | Orb.
     0 | D:1      | Reached XP level 1. HP: 18/18 MP: 0/0
   208 | D:1      | Reached XP level 2. HP: 20/25 MP: 1/1
   361 | D:1      | Reached skill level 4 in Polearms
   489 | D:1      | Reached skill level 1 in Armour
   867 | D:2      | Reached XP level 3. HP: 26/30 MP: 2/2
   929 | D:2      | Slain by a gnoll

Illustrated notes

Levels and vault maps discovered:
D:1:      lightli_arrival_maybe_door_vault, layout_basic, serial_glass,
          glass_columns_a, glass_columns_b, chequers_serial_rivers_room_b
D:2:      layout_basic, uniq_sigmund, uniq_terence, uniq_crazy_yiuf_cottage

Skill      XL: |  1  2  3 |
---------------+----------+-----
Polearms       | 4 |  4.5
Armour         | 1 |  1.6
Fighting       | 3 |  3.0
Throwing       | |  2.4
Dodging        | |  3.7

Action                   || total
-------------------------++-------
Melee: Trident           ||    69
       Headbutt          ||     3
Armor: Leather armour    ||     4
Dodge: Dodged            ||    32

Table legend: (Time is in decaauts)
 A = Elapsed time spent in this place.
 B = Non-inter-level travel time spent in this place.
 C = Inter-level travel time spent in this place.
 D = Time resting spent in this place.
 E = Time spent auto-exploring this place.
 F = Levels seen in this place.
 G = Mean time per level.
                   A        B        C        D        E       F      G
               +--------+--------+--------+--------+--------+-----+--------+
         Total |    937 |    908 |     29 |      0 |    753 |   2 |  468.5 |
       Dungeon |    937 |    908 |     29 |      0 |    753 |   2 |  468.5 |
               +--------+--------+--------+--------+--------+-----+--------+

Top non-repeatable levels by time:
     D:1: 866 daAuts
     D:2: 71 daAuts
